 Seeded DCSS version 0.28-a0-1312-g71652a0310 (webtiles) character file.

Game seed: 12130800008223909736 (custom seed)

56 croobank the Sneak (level 3, -1/21 HPs)
             Began as an Octopode Earth Elementalist on Dec 27, 2021.
             Slain by a black bear (3 damage)
             ... on level 6 of the Dungeon.
             The game lasted 00:10:37 (2325 turns).

croobank the Sneak (Octopode Earth Elementalist)    Turns: 2325, Time: 00:10:37

Health: -1/21      AC:  1    Str:  9    XL:     3   Next: 95%
Magic:  6/6        EV: 10    Int: 17    God:
Gold:   58         SH:  9    Dex: 12    Spells: 5/6 levels left

rFire   . . .      SeeInvis .   d - +0 trident
rCold   . . .      Faith    .   l - +3 kite shield
rNeg    . . .      Spirit   .   (helmet restricted)
rPois   .          Reflect  .   (no amulet)
rElec   .          Harm     .   f - ring of wizardry
rCorr   .          Rampage  .   (no ring)
Will    .....                   (no ring)
Stlth   +++.......              (no ring)
HPRegen 0.07/turn               (no ring)
MPRegen 0.10/turn               (no ring)
                                (no ring)
                                (no ring)

@: mighty
A: almost no armour, amphibious, 8 rings, camouflage 1, gelatinous body 1,
(nimble swimmer 1), tentacles
a: no special abilities


You were on level 6 of the Dungeon.
You visited 1 branch of the dungeon, and saw 6 of its levels.

You collected 58 gold pieces.

Inventory:

Hand Weapons
 a - a +0 spear
 d - a +0 trident (weapon)
Missiles
 b - 10 stones
 c - 23 arrows
 e - 18 bolts
 h - 54 poisoned darts (quivered)
Armour
 l - a +3 kite shield (worn)
Jewellery
 f - a ring of wizardry (left tentacle)
Scrolls
 i - a scroll of identify {identify, unknown}
Potions
 j - 2 potions of might {might}
 k - a potion of curing {curing, unknown}


   Skills:
 + Level 2.5 Dodging
 + Level 3.5 Stealth
 + Level 0.2 Shields
 + Level 2.4 Spellcasting
 + Level 1.7 Transmutations
 + Level 3.3 Earth Magic


You had 5 spell levels left.
You knew the following spells:

 Your Spells              Type           Power      Damage    Failure   Level
a - Sandblast             Erth           26%        2d8       13%         1

Your spell library contained the following spells:

 Spells                   Type           Power      Damage    Failure   Level
 Passwall                 Tmut/Erth      8%         N/A       26%         2
 Stone Arrow              Conj/Erth      14%        3d7       56%         3
 Petrify                  Tmut/Erth      10%        N/A       85%         4


Dungeon Overview and Level Annotations

Branches:
Dungeon (7/15)
 Temple: D:4-7

Altars:

Shops:
D:1 *   D:2 =

Annotations:
D:3 Ijyb


Innate Abilities, Weirdness & Mutations

You cannot wear most types of armour.
You are amphibious.
You can wear up to eight rings at the same time.
Your skin changes colour to match your surroundings (Stealth+).
Your rubbery body absorbs attacks. (AC +1, EV +1)
((You are camouflaged when in or above water. (Stealth+)))
You have tentacles for arms and can constrict up to eight enemies at once.


Message History

The centaur wields a +0 shortbow.
The centaur shoots an arrow.
The arrow barely misses you.
As you read the scroll labelled NOICHOSEAH {teleportation}, it crumbles to dust.
You feel strangely unstable.
It was a scroll of teleportation {teleportation}.
The centaur shoots an arrow.
The arrow closely misses you.
The centaur shoots an arrow.
The arrow closely misses you.
The centaur shoots an arrow.
The arrow hits you!
Ouch! That really hurt!
The centaur shoots an arrow.
The arrow closely misses you.
Your surroundings suddenly seem different.
Found a chain mail.
You start resting.
A black bear comes into view.
An adder comes into view.
The black bear growls angrily.
Found a puce potion.
Found a stone staircase leading down.
j - 3 puce potions {might} (gained 1)
Okay, then.
You start putting on your armour.
You continue putting on your +3 kite shield. x3
The black bear bites you.
The black bear claws you but does no damage.
The black bear closely misses you.
You continue putting on your +3 kite shield.
The black bear closely misses you. x2; The black bear claws you.
You finish putting on your +3 kite shield.
It was a potion of might {might}.
You feel very mighty all of a sudden. The black bear bites you.
* * * LOW HITPOINT WARNING * * *
The black bear claws you.
* * * LOW HITPOINT WARNING * * *
The black bear closely misses you.
You hit the black bear. You grab the black bear. You squeeze the black bear!
The black bear is severely wounded.
You constrict the black bear. You block the black bear's attack. x3
The black bear closely misses you. x2; The black bear claws you.
You die...

#........##
##.........#
##...........
##......#.....
##.......##....
##..##...###....
##..###...#
#.... ##h###
##..##..... #@##
#......... #.#
#......... ###
#..... . .


You could see a black bear.

Vanquished Creatures
  2 adders (D:2)
  A dart slug (D:1)
  2 endoplasms
  A giant cockroach (D:2)
  A goblin (D:2)
  4 hobgoblins
  5 quokkas
  4 ball pythons
  5 bats (D:1)
  3 frilled lizards (D:1)
  2 kobolds (D:1)
  4 rats
34 creatures vanquished.

Vanquished Creatures (others)
  3 fungi (D:2)
  7 plants (D:2)
10 creatures vanquished.

Grand Total: 44 creatures vanquished

Notes
Turn   | Place    | Note
-------+----------+-------------------------------------------
     0 | D:1      | croobank the Octopode Earth Elementalist began the quest
                  | for the Orb.
     0 | D:1      | Reached XP level 1. HP: 11/11 MP: 3/3
    43 | D:1      | Found Wisoshren's General Store.
   224 | D:1      | Reached XP level 2. HP: 17/17 MP: 5/5
  1039 | D:1      | Reached XP level 3. HP: 21/21 MP: 3/6
  1691 | D:2      | Found Tueluf's Jewellery Shoppe.
  1999 | D:2      | Found a faded altar of an unknown god.
  2182 | D:3      | Noticed Ijyb
  2186 | D:4      | You fall into a shaft and drop 3 floors!
  2193 | D:7      | Noticed a scorpion
  2271 | D:6      | Noticed a centaur
  2288 | D:6      | Noticed a black bear
  2325 | D:6      | Slain by a black bear

Illustrated notes

Levels and vault maps discovered:
D:1:      grunt_arrival_crossed_arrows, layout_loops_ring, serial_shops, shop,
          chequers_serial_rivers_micro_b
D:2:      layout_basic, serial_shops, shop,
          shapermc_ecumenical_altar_mp_urbaneastern
D:3:      layout_loops_cross, serial_shops, shop_statue, uniq_ijyb, uniq_sigmund
D:4:      layout_basic, lemuel_temple_firewalk_a, ebering_ghost_reflecting_pool,
          uniq_eustachio, uniq_duvessa
D:6:      layout_layer_cave, chequers_big_river, dk_noncrumbling_4
D:7:      layout_loops_corners

Skill      XL: |  1  2 |
---------------+-------+-----
Stealth        | 3 |  3.5
Dodging        | |  2.5
Shields        | |  0.2
Spellcasting   | |  2.4
Transmutations | |  1.7
Earth Magic    | |  3.3

Action                   || total
-------------------------++-------
Melee: Spear             ||    44
       Tentacles         ||    13
       Unarmed           ||     1
       Constrict         ||    14
       Trident           ||     6
Throw: Dart              ||     9
 Cast: Sandblast         ||    20
  Use: Scroll            ||     4
       Potion            ||     1
 Stab: Sleeping          ||     6
Armor: Skin              ||     5
Dodge: Dodged            ||    35
Block: Kite shield       ||     3

Table legend: (Time is in decaauts)
 A = Elapsed time spent in this place.
 B = Non-inter-level travel time spent in this place.
 C = Inter-level travel time spent in this place.
 D = Time resting spent in this place.
 E = Time spent auto-exploring this place.
 F = Levels seen in this place.
 G = Mean time per level.
                   A        B        C        D        E       F      G
               +--------+--------+--------+--------+--------+-----+--------+
         Total |   2328 |   2220 |    108 |    390 |   1403 |   6 |  388.0 |
       Dungeon |   2328 |   2220 |    108 |    390 |   1403 |   6 |  388.0 |
               +--------+--------+--------+--------+--------+-----+--------+

Top non-repeatable levels by time:
     D:1: 1096 daAuts
     D:2: 1070 daAuts
     D:7: 84 daAuts
     D:6: 53 daAuts
     D:3: 20 daAuts
     D:4: 1 daAuts
